 Dungeon Crawl Stone Soup version 0.26-b1-32-g5d43845318 (webtiles) character file.

Game seed: 485123003209492942

37 Borgoz the Skirmisher (level 3, -6/31 HPs)
             Began as a Ghoul Monk on Jan 13, 2021.
             Killed from afar by Sigmund (8 damage)
             ... with a magic dart
             ... on level 2 of the Dungeon.
             The game lasted 00:01:09 (1343 turns).

Borgoz the Skirmisher (Ghoul Monk)                  Turns: 1343, Time: 00:01:09

Health: -6/31      AC:  2    Str: 14    XL:     3   Next: 39%
Magic:  2/2        EV: 13    Int:  5    God:
Gold:   86         SH:  0    Dex: 12    Spells: 2/2 levels left

rFire    . . .     SeeInvis .   a - +0 falchion
rCold    + . .     Faith    .   (no shield)
rNeg     + + +     Spirit   .   b - +0 robe
rPois    ∞         Reflect  .   (no helmet)
rElec    .         Harm     .   (no cloak)
rCorr    .         Rampage  .   (no gloves)
Will     .....                  (no boots)
Stlth    ++........             (no amulet)
HPRegen  0.00/turn              (no ring)
MPRegen  0.08/turn              (no ring)

@: no status effects
A: claws 1, cold resistance 1, negative energy resistance 3, inhibited
regeneration, torment resistance, unbreathing
a: no special abilities


You were on level 2 of the Dungeon.
You visited 1 branch of the dungeon, and saw 2 of its levels.

You collected 86 gold pieces.

Inventory:

Hand Weapons
 a - a +0 falchion (weapon)
Armour
 b - a +0 robe (worn)
Jewellery
 i - an uncursed ring of willpower {unknown}
Scrolls
 c - 2 scrolls of remove curse {unknown}
 d - a scroll of fog {unknown}
 f - 6 scrolls of identify {unknown}
 g - a scroll of blinking {unknown}
 h - 2 scrolls of amnesia {unknown}


   Skills:
 + Level 3.6 Fighting
 + Level 3.0 Long Blades
 + Level 0.9 Armour
 * Level 3.2 Dodging
 - Level 2.1 Stealth


You had 2 spell levels left.
You didn't know any spells.
Your spell library was empty.

Dungeon Overview and Level Annotations

Branches:
Dungeon (2/15)

Altars:
Ashenzari

Annotations:
D:2 Sigmund


Innate Abilities, Weirdness & Mutations

You thrive by killing the living.
You are immune to poison.
You have sharp fingernails.
Your flesh is cold resistant. (rC+)
You are immune to negative energy. (rN+++)
You do not regenerate when monsters are visible.
You are immune to unholy pain and torment.
You can survive without breathing.


Message History

You hit Sigmund but do no damage.
Sigmund is heavily wounded.
Sigmund gestures at you while chanting. The magic dart hits you.
* * * LOW HITPOINT WARNING * * *
You hit Sigmund.
Sigmund is heavily wounded.
Sigmund barely misses you.
You riposte.
You hit Sigmund.
Sigmund is heavily wounded.
You completely miss Sigmund.
Sigmund is heavily wounded.
Sigmund hits you with a +0 scythe!
* * * LOW HITPOINT WARNING * * *
You aren't carrying any potions.
You hit Sigmund.
Sigmund is severely wounded.
Sigmund asks, "Do you like me?" Sigmund casts a spell at you.
The magic dart hits you!
You die...

#..........##.# #.........#.
####.(.....##.# ####...........
#...)...##. #.........#.##.
#.......# #.........#..#.
#.####### #............#. #.#
+......#.###.#. #.#
####...##.#....... ## #.#
#................. .# #.#
#@#.#.#####....... .# #.#
#@#.......+....... .#####.#
#.#...#####......>
[.[....#########.#†.....##.....##
.####................#..##.....##
.#...............#......####+#...
.#.##)..........)#.#.#.## #..#
.#.###############.#.#... #..#
.[.......... ..#.####### #..#


You could see Sigmund.

Vanquished Creatures
  A worm (D:2)
  2 dart slugs
  A leopard gecko (D:1)
  2 giant cockroaches (D:2)
  2 hobgoblins (D:2)
  5 jackals (D:2)
  2 bats
  A frilled lizard (D:2)
  6 goblins
  2 kobolds (D:1)
  2 rats (D:1)
26 creatures vanquished.

Notes
Turn   | Place    | Note
-------+----------+-------------------------------------------
     0 | D:1      | Borgoz the Ghoul Monk began the quest for the Orb.
     0 | D:1      | Reached XP level 1. HP: 19/19 MP: 0/0
   187 | D:1      | Found a broken altar of Ashenzari.
   362 | D:1      | Reached XP level 2. HP: 25/26 MP: 1/1
   748 | D:2      | Reached XP level 3. HP: 31/31 MP: 2/2
  1318 | D:2      | Noticed Sigmund
  1343 | D:2      | Killed from afar by Sigmund

Illustrated notes

Levels and vault maps discovered:
D:1:      lightli_arrival_boilingwater, layout_loops_ring,
          nicolae_ashenzari_panopticon
D:2:      layout_basic, uniq_robin, uniq_sigmund

Skill      XL: |  1  2  3 |
---------------+----------+-----
Dodging        | 3 |  3.2
Long Blades    | 3 |  3.0
Fighting       | |  3.6
Armour         | |  0.9
Stealth        | |  2.1

Action                   || total
-------------------------++-------
Melee: Falchion          ||    95
  Use: Potion            ||     4
 Stab: Sleeping          ||     2
Armor: Robe              ||    14
Dodge: Dodged            ||    45
       Rpst.: Falchion   ||    17
